 Dungeon Crawl Stone Soup version 0.21-a0-153-g78480df (webtiles) character file.

10 4thArraOfDagon the Cutter (level 2, 1/20 HPs)
             Began as a Gnoll Wanderer on Aug 1, 2017.
             Quit the game on level 4 of the Dungeon.
             The game lasted 00:01:52 (302 turns).

4thArraOfDagon the Cutter (Gnoll Wanderer)           Turns: 302, Time: 00:01:53

Health: 1/20       AC:  6    Str:  7    XL:     2   Next: 20%
Magic:  2/2        EV:  7    Int:  7    God:
Gold:   32         SH:  0    Dex:  7    Spells: 1/1 levels left

rFire    . . .     SeeInvis .   b - +2 blowgun
rCold    . . .     Gourm    +   (no shield)
rNeg     . . .     Faith    .   h - +0 scale mail
rPois    .         Spirit   .   (no helmet)
rElec    .         Reflect  .   (no cloak)
rCorr    .         Harm     .   (no gloves)
MR       .....                  (no boots)
Stlth    ..........             m - amulet of the gourmand
HPRegen  0.06/turn              (no ring)
MPRegen  0.08/turn              (no ring)

@: lethally poisoned (1 -> -19)
A: unchanging attributes, fangs 1, strong nose
a: no special abilities


You were on level 4 of the Dungeon.
You were not hungry.

You visited 1 branch of the dungeon, and saw 4 of its levels.

You collected 32 gold pieces.

Inventory:

Hand Weapons
 b - a +2 blowgun (weapon)
 d - a +0 short sword
 e - a +0 dagger
 g - a +2 spear of piercing
Missiles
 j - 15 poisoned needles (quivered)
Armour
 c - a +0 ring mail
 h - a +0 scale mail (worn)
Jewellery
 m - an amulet of the gourmand (around neck)
Scrolls
 k - a scroll of fog {unknown}
 l - a scroll of identify {unknown}
Comestibles
 f - 2 bread rations
 n - a meat ration


   Skills:
 + Level 0.6 Fighting
 - Level 4.4 Short Blades
   Level 1.3 Bows
 + Level 3.1 Throwing
 + Level 2.8 Armour
 - Level 2.4 Stealth


You had one spell level left.
You didn't know any spells.

Dungeon Overview and Level Annotations

Branches:
Dungeon (4/15)
 Temple: D:4-7

Altars:


Innate Abilities, Weirdness & Mutations

Your physical attributes are unchanging.
You have very sharp teeth.
Your uncanny sense of smell can sniff out nearby items.


Message History

Firing (i - inventory):
j - 16 poisoned needles (quivered)
Press: ? - help, Shift-Dir - straight line, f/p - worker ant
Aim: a worker ant (heavily wounded, poisoned)
You shoot a poisoned needle.
The poisoned needle hits the worker ant.
The worker ant looks as sick as possible!
The worker ant is heavily wounded.
You feel sick.
The orc hits you with a flail of protection.
* * * LOW HITPOINT WARNING * * *
It was a potion of magic.
Magic courses through your body.
* * * LOW HITPOINT WARNING * * *
You feel sick. The worker ant bites you.
* * * LOW HITPOINT WARNING * * *
The worker ant bites you.
* * * LOW HITPOINT WARNING * * *
You are more poisoned.
The worker ant poisons you! The orc hits you but does no damage.
Unknown command.
Are you sure you want to abandon this character and quit the game? (Confirm with "yes".)

# ... ......
##.##.#
#....
#...... ....
#.. #.##.Z#
#..##..#..#
∆
#....<....#
##.###.##.#
#a###.##.#
#.@o....(#
#####...####
###.......#
#..^....###
#.......#
#.<.....#
#..^....#
#.......#
#.......#


You could see a worker ant and an orc.

Vanquished Creatures
  A worm (D:3)
  A dart slug (D:3)
  A ball python (D:3)
  A goblin (D:3)
  A frilled lizard (D:1)
  A kobold (D:2)
6 creatures vanquished.

Notes
Turn   | Place    | Note
-------+----------+-------------------------------------------
     0 | D:1      | 4thArraOfDagon the Gnoll Wanderer began the quest for the Orb.
     0 | D:1      | 4thArraOfDagon set off with: a curare-tipped needle, a +2 blowgun, a +0 ring mail, a +0 short sword, a +0 dagger, a bread ration
     0 | D:1      | Reached XP level 1. HP: 13/13 MP: 1/1
   163 | D:3      | Reached XP level 2. HP: 18/19 MP: 2/2
   301 | D:4      | HP: 1/20 [worker ant (1)]
   302 | D:4      | Quit the game

Vault maps used:
D:1:      minmay_arrival_semitransparent, dk_noncrumbling_3, minivault_27
D:2:      lemuel_coloured_pillars_altar, uniq_jessica
D:3:      uniq_ijyb
D:4:      marbit_many_paths, minmay_checkerbox, uniq_menkaure

Skill      XL: |  1 |
---------------+----+-----
Throwing       | 3 |  3.1
Fighting       | |  0.6
Short Blades   | |  4.4
Bows           | |  1.3
Armour         | |  2.8
Stealth        | |  2.4

Action                   || total
-------------------------++-------
Melee: Spear             ||    25
       Short sword       ||     4
       Bite              ||     3
 Fire: Blowgun           ||     7
  Use: Potion            ||     1
Armor: Ring mail         ||     3
       Scale mail        ||     9
Dodge: Dodged            ||    13
